Map: [TLMC19] Moonwater

Players

YouTubeMan (uThermal)

  • Race: Protoss Protoss
  • Spawn Location: 1:00

LiquidClem (Clem) - Winner!

  • Race: Zerg Zerg
  • League: Master
  • Spawn Location: 11:00

VOD

Have the link to the VOD?

Description

Time

  • Played on: Dec. 21, 2023, 11:30 a.m.
  • Length: 13:47
Show
View Real Time Build Order
Export as new Build Order

YouTubeMan Protoss 

Build Orders: 1 Gate Expand, Mass Adepts 

Get SALT Encoding   

  12  0:00  Probe  
  13  0:12  Probe  
  14  0:22  Pylon  
  14  0:24  Probe  
  15  0:40  Probe (Chrono Boost)  
  15  0:41  Gateway  
  16  0:52  Assimilator, Probe (Chrono Boost)  
  17  0:58  Probe (Chrono Boost)  
  18  1:06  Probe  
  19  1:18  Probe  
  20  1:27  Nexus  
  20  1:37  Cybernetics Core  
  20  1:40  Probe  
  20  1:45  Assimilator  
  21  1:52  Probe  
  22  1:59  Pylon  
  22  2:04  Probe  
  23  2:15  Adept (Chrono Boost)  
  23  2:16  Warp Gate (Chrono Boost)  
  23  2:17  Probe  
  26  2:24  Twilight Council  
  26  2:29  Probe  
  27  2:35  Adept (Chrono Boost)  
  27  2:40  Probe  
  27  2:43  Gateway  
  30  2:46  Probe  
  31  2:52  Probe  
  31  2:58  Resonating Glaives (Chrono Boost), Probe  
  33  3:05  Adept  
  34  3:06  Probe  
  34  3:10  Probe  
  36  3:19  Probe  
  37  3:31  Gateway  
  37  3:33  Gateway, Probe  
  36  3:41  Probe  
  37  3:43  Pylon  
  37  3:45  Probe  
  38  3:53  Probe  
  39  3:57  Adept x2  
  43  4:07  Probe x2  
  43  4:08  Nexus  
  45  4:18  Adept x2  
  45  4:21  Pylon, Probe  
  50  4:26  Adept  
  50  4:27  Adept  
  54  4:39  Probe x2  
  54  4:43  Robotics Facility  
  54  4:44  Robotics Facility  
  56  4:45  Adept  
  56  4:46  Adept  
  56  4:51  Probe  
  56  4:52  Assimilator  
  61  5:00  Assimilator  
  61  5:03  Probe  
  60  5:07  Pylon  
  60  5:09  Probe  
  57  5:19  Probe  
  50  5:25  Stalker x4  
  50  5:26  Probe  
  50  5:27  Probe  
  58  5:31  Probe  
  58  5:32  Immortal (Chrono Boost)  
  63  5:38  Probe  
  68  5:44  Probe x2  
  68  5:45  Immortal (Chrono Boost)  
  70  5:51  Adept x2  
  74  5:57  Immortal (Chrono Boost)  
  78  6:05  Pylon  
  81  6:14  Immortal (Chrono Boost)  
  81  6:29  Immortal (Chrono Boost)  
  80  6:35  Pylon  
  80  6:36  Adept x3  
  80  6:39  Adept  
  85  6:46  Pylon  
  85  6:47  Immortal (Chrono Boost)  
  85  6:54  Pylon  
  89  6:57  Adept x3  
  89  7:00  Pylon  
  95  7:05  Warp Prism (Chrono Boost)  
  97  7:09  Adept  
  100  7:18  Adept x3  
  100  7:20  Observer (Chrono Boost)  
  106  7:27  Probe x3  
  109  7:32  Observer  
  109  7:35  Adept  
  112  7:39  Probe  
  112  7:41  Pylon  
  113  7:48  Pylon  
  113  7:53  Adept x3  
  113  7:56  Immortal  
  121  8:01  Immortal  
  89  8:31  Adept x4  
  89  8:32  Immortal (Chrono Boost)  
  91  8:37  Probe x2  
  91  8:38  Immortal (Chrono Boost)  
  91  8:39  Adept  
  91  8:40  Probe  
  96  8:51  Adept x2  
  96  8:52  Adept  
  102  8:56  Charge (Chrono Boost)  
  102  8:57  Gateway x2  
  102  9:00  Pylon  
  102  9:02  Warp Prism (Chrono Boost)  
  102  9:07  Immortal (Chrono Boost)  
  102  9:08  Adept  
  110  9:20  Zealot x3  
  110  9:23  Templar Archives  
  112  9:24  Assimilator  
  112  9:25  Assimilator  
  112  9:32  Zealot, Immortal (Chrono Boost)  
  112  9:36  Immortal (Chrono Boost)  
  118  9:43  Zealot x3  
  124  10:04  Immortal (Chrono Boost)  
  124  10:05  Zealot x3  
  124  10:06  Zealot  
  128  10:14  Immortal (Chrono Boost)  
  128  10:19  Zealot x2  
  136  10:27  Robotics Bay  
  136  10:33  Sentry x4  
  136  10:34  Probe  
  136  10:35  Probe  
  146  10:36  Pylon x2  
  146  10:44  Probe  
  147  10:53  Pylon  
  147  11:00  Zealot x6  
  147  11:01  Pylon  
  147  11:02  Immortal  
  153  11:06  Immortal  
  129  11:29  Zealot x6  
  129  11:31  Extended Thermal Lance  
  87  11:47  Colossus (Chrono Boost)  
  87  11:49  Nexus  
  87  11:50  Pylon  
  87  11:53  Colossus (Chrono Boost)  
  85  11:59  Adept x2  
  89  12:06  Adept x3  
  91  12:23  Sentry x3  
  94  12:32  Colossus (Chrono Boost)  
  80  12:43  Colossus (Chrono Boost)  
  80  12:44  Probe  
  80  12:46  Adept x2  
  80  12:48  Adept  
  80  12:49  Adept  
  80  12:50  Probe  
  80  12:51  Probe  
  86  12:56  Probe  
  87  13:02  Probe  
  82  13:22  Stalker x4  
  90  13:28  Stalker  
Show
View Real Time Build Order
Export as new Build Order

LiquidClem Zerg - Winner!

Build Orders: Hatch First 

Get SALT Encoding   

  12  0:00  Drone  
  13  0:12  Overlord  
  13  0:17  Drone  
  14  0:31  Drone x2  
  16  0:50  Hatchery  
  16  0:52  Drone  
  16  0:56  Drone  
  17  0:59  Drone  
  18  1:12  Spawning Pool  
  18  1:14  Extractor  
  18  1:18  Drone  
  17  1:21  Drone  
  18  1:29  Drone  
  19  1:39  Drone  
  20  1:50  Overlord  
  20  2:00  Queen  
  22  2:02  Zergling x4, Queen  
  26  2:11  Drone  
  27  2:18  Drone  
  27  2:19  Metabolic Boost  
  28  2:23  Drone  
  29  2:33  Hatchery  
  29  2:36  Drone  
  29  2:39  Drone  
  30  2:48  Queen  
  32  2:51  Overlord  
  32  2:54  Zergling x2  
  32  2:56  Zergling x2  
  34  2:59  Drone  
  34  3:01  Drone  
  35  3:10  Drone x2  
  37  3:15  Drone x2  
  37  3:17  Drone  
  40  3:20  Spore Crawler  
  40  3:23  Spore Crawler  
  40  3:24  Drone x2  
  40  3:28  Spore Crawler  
  40  3:32  Drone  
  43  3:36  Overlord  
  43  3:41  Overlord  
  43  3:42  Drone  
  43  3:45  Queen  
  43  3:47  Drone  
  47  3:52  Roach Warren, Drone x2, Extractor  
  47  3:55  Overlord  
  47  4:00  Drone x2  
  47  4:01  Drone  
  49  4:08  Overlord  
  49  4:09  Drone x2  
  51  4:13  Drone  
  51  4:14  Drone x2  
  54  4:20  Drone x4  
  58  4:28  Overlord  
  58  4:32  Roach  
  58  4:33  Roach x2  
  58  4:35  Lair  
  58  4:36  Roach  
  66  4:39  Roach  
  66  4:40  Roach  
  66  4:42  Roach  
  66  4:44  Roach  
  74  4:47  Zergling x2  
  74  4:48  Zergling x4  
  74  4:49  Zergling x2  
  74  4:51  Roach  
  80  4:55  Roach  
  80  4:56  Zergling x6  
  85  5:05  Zergling x10  
  81  5:09  Drone  
  78  5:15  Drone x2  
  78  5:16  Drone  
  78  5:20  Drone x4  
  82  5:24  Drone  
  83  5:31  Drone  
  83  5:32  Drone  
  83  5:33  Glial Reconstitution  
  85  5:35  Overlord  
  85  5:43  Drone, Overlord  
  85  5:47  Overseer  
  85  5:48  Overlord  
  85  5:49  Hatchery  
  85  5:58  Extractor  
  85  5:59  Drone x4  
  85  6:00  Extractor  
  85  6:01  Drone x3  
  85  6:02  Overlord  
  90  6:05  Drone x3  
  90  6:06  Overlord  
  92  6:23  Drone x5  
  93  6:27  Drone x3  
  93  6:28  Drone x2  
  93  6:32  Drone x2  
  94  6:33  Drone x2  
  94  6:35  Drone x4  
  94  6:39  Baneling Nest  
  98  6:41  Overlord  
  98  6:45  Baneling Nest  
  98  6:46  Evolution Chamber  
  97  6:47  Drone x2  
  97  6:52  Overlord  
  99  6:56  Drone  
  99  6:58  Extractor  
  99  7:00  Overlord  
  99  7:02  Overlord  
  99  7:06  Drone x4, Hatchery  
  99  7:07  Drone x4  
  106  7:11  Overlord  
  106  7:15  Roach x3  
  111  7:18  Zerg Melee Weapons Level 1  
  111  7:25  Zergling x8  
  111  7:27  Centrifugal Hooks  
  111  7:29  Ravager x8  
  123  7:30  Zergling x4  
  123  7:33  Zergling x6  
  123  7:34  Ravager  
  123  7:36  Zergling x2  
  135  7:37  Zergling x10  
  134  7:45  Roach x7  
  134  7:47  Zergling x4  
  149  7:53  Overlord  
  149  7:54  Roach  
  149  8:01  Zergling x4  
  136  8:05  Zergling x6  
  136  8:06  Zergling x2  
  136  8:08  Zergling x4  
  125  8:13  Roach x3  
  125  8:15  Zergling x6  
  125  8:18  Roach x2  
  122  8:23  Roach x2  
  121  8:34  Roach x10  
  136  8:38  Ravager  
  136  8:39  Ravager x2  
  140  8:41  Zergling x6  
  140  8:42  Ravager  
  140  8:47  Overlord  
  145  8:48  Roach x4  
  145  8:49  Zergling x2  
  145  8:54  Hatchery  
  151  8:59  Drone  
  151  9:00  Overlord  
  151  9:02  Hatchery, Drone x5  
  156  9:04  Drone  
  156  9:05  Infestation Pit  
  156  9:07  Drone x3, Extractor x2  
  156  9:08  Drone x3  
  156  9:09  Zergling x4  
  162  9:15  Zergling x8  
  165  9:18  Zerg Melee Weapons Level 2  
  164  9:26  Zergling x8  
  164  9:30  Zergling x8  
  172  9:35  Hatchery  
  172  9:37  Spore Crawler  
  170  9:39  Zergling x2  
  170  9:40  Zergling x20  
  178  9:46  Baneling x21  
  178  9:47  Zergling x2  
  178  9:48  Zergling x4  
  178  9:49  Baneling x4  
  181  9:55  Zergling x4  
  177  10:00  Drone x2  
  177  10:01  Drone x4  
  177  10:06  Zergling x10  
  177  10:07  Zergling x4  
  188  10:13  Hive  
  173  10:17  Overseer  
  173  10:21  Drone x9  
  180  10:30  Queen  
  180  10:32  Queen  
  184  10:42  Zergling x30  
  195  10:43  Overlord x2  
  195  10:48  Baneling x6  
  193  10:59  Zergling x16  
  199  11:09  Roach  
  199  11:10  Roach x3  
  199  11:13  Roach  
  186  11:24  Zergling x4  
  186  11:25  Zergling x34  
  146  11:40  Ravager  
  146  11:41  Ravager  
  146  11:44  Roach x6  
  156  11:49  Viper x5  
  156  11:50  Viper  
  156  11:51  Baneling  
  156  11:52  Baneling x9  
  174  11:54  Queen  
  174  11:55  Queen  
  174  11:59  Drone x2  
  174  12:00  Drone x4  
  184  12:07  Extractor  
  183  12:10  Spine Crawler  
  183  12:13  Spine Crawler  
  181  12:17  Zergling x16  
  181  12:18  Hatchery  
  188  12:24  Zergling x10  
  188  12:25  Zergling x6  
  188  12:29  Zergling x8  
  198  12:35  Zergling x12  
  198  12:43  Drone x5  
  199  12:44  Drone  
  199  12:45  Baneling x5  
  199  12:48  Zergling x2  
  199  12:56  Overseer x2  
  199  12:58  Baneling x12  
  199  12:59  Baneling x8, Spore Crawler  
  199  13:04  Extractor  
  195  13:17  Zergling x2  
  195  13:18  Zergling x12  
  199  13:36  Hatchery  
Tags
 
Add a new tag
Caveats
  • Supply blocks, unpowered buildings, or Contaminate may cause inaccurate times.
  • Supply counts are checked every 10 seconds.